Cogmind - Beta 14 @@@ ROGUE MODE // 2024.08.22 @ 19:23:48 Player: Muchitsuji Result: Self-destructed Performance ------------- Evolutions (3) 1500 Regions Visited (9) 1800 Robots Destroyed (38) 190 Value Destroyed (984) 984 Prototype IDs (28) 560 Alien Tech Used (0) 0 Bonus (300) 300 TOTAL SCORE: 5334 Bonus ------- Aligned with FarCom 300 Cogmind --------- Core Integrity 687/700 Matter 280/300 Energy 315/315 System Corruption 0% Temperature Cool (0) Movement Treading (162) Location -7/Zion Parts ------- > --- POWER (1) -------- Neutrino Core > --- PROPULSION (4) --- Armored Treads Medium Treads Medium Treads Medium Treads > --- UTILITY (6) ------ Improved Heat Sink Large Storage Unit Experimental Sensor Array Improved Signal Interpreter ECM Suite System Shield > --- WEAPON (2) ------- Heavy Particle Cannon RU-N14's Throwing Claymores > --- INVENTORY (15) --- Improved Deuterium Engine Light Angular Momentum Engine Medium Treads Superbattery (1500) Compact Matter Pod (150) Structural Scanner Transmission Jammer Improved Light Armor Plating Makeshift Hacking Suite System Shield Hacking Drone Bay (1/1) Gauss Cannon Magnetic Acceleration Cannon Rocket Launcher Self-destruct Interrupter (50) Peak State ------------ > --- POWER ------------ Neutrino Core > --- PROPULSION ------- Armored Treads Medium Treads Medium Treads Medium Treads > --- UTILITY ---------- Improved Heat Sink Large Storage Unit Experimental Sensor Array Improved Signal Interpreter System Shield Hacking Drone Bay > --- WEAPON ----------- Heavy Particle Cannon Gauss Cannon > --- INVENTORY -------- Improved Deuterium Engine Light Angular Momentum Engine Medium Treads Superbattery Compact Matter Pod Structural Scanner Advanced Targeting Computer Transmission Jammer ECM Suite Improved Light Armor Plating Makeshift Hacking Suite System Shield Magnetic Acceleration Cannon Rocket Launcher Self-destruct Interrupter [Rating: 61] Favorites ----------- Power Neutrino Core Engine Ion Engine Power Core Neutrino Core Propulsion Medium Treads Treads Medium Treads Wheel Compact Wheel Utility Large Storage Unit Device Improved Heat Sink Storage Large Storage Unit Processor Improved Signal Interpreter Hackware System Shield Protection Improved Propulsion Shielding Weapon Beamcaster Energy Gun Beamcaster Energy Cannon Heavy Particle Cannon Ballistic Cannon Gauss Cannon Launcher Rocket Launcher Special Weapon RU-N14's Throwing Claymores Build | -11 -10 -10 -10 -9 -8 -7 -7 -7 -7 ------- Run | Yrd Mat Min Exi Min Mat Fac Low Low Zio Slots Evolved 6 | . . . . . 4 2 . . . Power . | . . . . . . . . . . Propulsion 2 | . . . . . 2 . . . . Utility 4 | . . . . . 2 2 . . . Weapon . | . . . . . . . . . . Parts Attached 56 | 6 2 15 . 1 18 6 5 . 3 Power 5 | 1 . 2 . . 1 . 1 . . Engine 4 | 1 . 2 . . 1 . . . . Core 1 | . . . . . . . 1 . . Reactor . | . . . . . . . . . . Propulsion 17 | 2 . 7 . . 6 1 1 . . Treads 13 | . . 5 . . 6 1 1 . . Leg . | . . . . . . . . . . Wheel 4 | 2 . 2 . . . . . . . Hover . | . . . . . . . . . . Flight . | . . . . . . . . . . Utility 20 | 1 2 4 . 1 6 3 1 . 2 Device 13 | . 1 4 . 1 4 . 1 . 2 Storage 2 | 1 1 . . . . . . . . Processor 1 | . . . . . . 1 . . . Hackware 1 | . . . . . . 1 . . . Protection 3 | . . . . . 2 1 . . . Artifact . | . . . . . . . . . . Weapon 14 | 2 . 2 . . 5 2 2 . 1 Energy Gun 7 | 2 . 2 . . 3 . . . . Energy Cannon 1 | . . . . . 1 . . . . Ballistic Gun . | . . . . . . . . . . Ballistic Cannon 2 | . . . . . . 1 1 . . Launcher 3 | . . . . . 1 1 1 . . Special Weapon 1 | . . . . . . . . . 1 Impact Weapon . | . . . . . . . . . . Slashing Weapon . | . . . . . . . . . . Piercing Weapon . | . . . . . . . . . . Special Melee Weapon . | . . . . . . . . . . Unidentified Prototypes 2 | . . . . . . . . . 2 Parts Lost 5 | . . 1 . . 4 . . . . Power . | . . . . . . . . . . Propulsion 2 | . . 1 . . 1 . . . . Utility . | . . . . . . . . . . Weapon 3 | . . . . . 3 . . . . Highest Loss Streak 2 | . . 1 . . 2 . . . . To Critical Strikes . | . . . . . . . . . . Average Slot Usage (%) 98 | . 88 99 100 100 94 100 99 100 100 Engine 8 | . 14 14 14 14 9 7 1 . . Core 2 | . . . . . . . 5 7 7 Treads 28 | . . 26 28 28 30 30 29 30 30 Device 19 | . 3 14 14 14 25 23 23 23 23 Storage 10 | . 14 14 14 14 9 7 7 7 7 Processor 2 | . . . . . . . 7 7 7 Hackware 2 | . . . . . . 7 7 7 7 Energy Gun 14 | . 28 27 28 28 13 1 . . . Energy Cannon 3 | . . . . . 2 7 7 7 7 Ballistic Cannon 2 | . . . . . . 4 6 7 7 Peak Build Rating 61 | 6 7 18 16 18 39 44 53 54 61 Average Rating 33 | 3 6 16 15 17 31 42 49 53 59 On Entrance 24 | . 6 7 15 16 18 35 44 53 54 Naked Turns . | . . . . . . . . . . Heaviest Build 52 | 14 31 34 34 34 45 48 51 51 52 Greatest Support 104 | 32 32 40 40 40 104 104 104 104 104 Greatest Overweight (x) 1 | . . 1 . . . . . . . Average Overweight (x) . | . . . . . . . . . . Largest Inventory Capacity 15 | 8 15 15 15 15 15 15 15 15 15 Average Capacity 14 | 7 12 15 15 15 15 15 15 15 15 Most Carried 15 | 7 7 15 15 15 15 15 15 15 15 Average Carried 13 | 4 6 13 14 14 13 13 14 14 14 Final Capacity 15 | 8 15 15 15 15 15 15 15 15 15 Final Carried 15 | 6 6 15 15 15 15 15 14 15 15 Class Distribution -------------------- 44% | Scavenger-Mutant 41% | Mutant 8% | Scavenger-Skirmisher 5% | Infiltrator-Mutant Dominant Class ---------------- Mutant | -10/Materials Scavenger-Mutant | -10/Mines Scavenger-Mutant | -10/Exiles Scavenger-Mutant | -9/Mines Scavenger-Skirmisher | -8/Materials Infiltrator-Mutant | -7/Factory Mutant | -7/Lower Caves Mutant | -7/Lower Caves Mutant | -7/Zion Resources | -11 -10 -10 -10 -9 -8 -7 -7 -7 -7 ----------- Run | Yrd Mat Min Exi Min Mat Fac Low Low Zio Matter Collected 873 | 187 . 243 . 10 174 50 193 6 10 Remotely . | . . . . . . . . . . Salvage Created 1147 | . . 637 . 43 260 30 134 43 . Parts 62 | . . 30 . 3 17 2 5 5 . Haulers Intercepted 1 | . . . . . 1 . . . . Recyclers Shooed . | . . . . . . . . . . Parts Field Recycled . | . . . . . . . . . . Retrieved Matter . | . . . . . . . . . . Parts Self-Destructed 13 | . . . . . . . 5 8 . Prevented 1 | . . . . . . . . 1 . Kills | -11 -10 -10 -10 -9 -8 -7 -7 -7 -7 ------- Run | Yrd Mat Min Exi Min Mat Fac Low Low Zio Combat Hostiles Destroyed 34 | . . 17 . 3 6 3 4 1 . Guns 24 | . . 17 . 3 4 . . . . Cannons 4 | . . . . . 1 . 2 1 . AOE 6 | . . . . . 1 3 2 . . Classes Destroyed 10 | . . 6 . . 2 . 1 1 . Builder 1 | . . 1 . . . . . . . Tunneler 4 | . . 4 . . . . . . . Hauler 1 | . . . . . 1 . . . . Watcher 1 | . . . . . 1 . . . . Swarmer 15 | . . 6 . 3 3 3 . . . Grunt 9 | . . 6 . . . . 3 . . Duelist 1 | . . . . . . . 1 . . Sentry 5 | . . 2 . . 3 . . . . Programmer 1 | . . . . . . . . 1 . Assembled 3 | . . 3 . . . . . . . Best Kill Streak 4 | . . 4 . 3 3 3 4 1 . Combat Bots Only 4 | . . 4 . 3 3 3 4 1 . Max Kills in Single Turn 2 | . . 2 . 1 1 2 2 1 . Gunslinging . | . . . . . . . . . . Exploded 2 | . . . . . 1 2 2 . . Melee . | . . . . . . . . . . Uniques/NPCs Destroyed . | . . . . . . . . . . Combat | -11 -10 -10 -10 -9 -8 -7 -7 -7 -7 -------- Run | Yrd Mat Min Exi Min Mat Fac Low Low Zio Hostile Shots Fired 177 | . 4 62 . 13 73 8 15 2 . Missed 57 | . 1 19 . 6 25 3 3 . . Damage Taken 1611 | . 19 525 . 49 654 72 263 29 . Core 261 | . 7 98 . . 143 13 . . . Absorbed by Shields . | . . . . . . . . . . Redirected to Shielding 28 | . . . . . . 28 . . . Regen/Repaired (Parts) 633 | . . . . . 116 . . . 517 Core Remaining (%) 77 | 100 . . . 58 74 . . . . Volleys Fired 137 | . 1 84 . 5 33 4 9 1 . Largest 2 | . 2 2 . 2 2 2 2 2 . Hottest 131 | . 100 131 . 131 131 123 123 123 . Shots Fired 260 | . 2 168 . 10 54 6 18 2 . Gun 218 | . 2 168 . 10 38 . . . . Cannon 33 | . . . . . 12 3 16 2 . Launcher 9 | . . . . . 4 3 2 . . Special . | . . . . . . . . . . Kinetic 9 | . . . . . . 1 7 1 . Thermal 239 | . 2 168 . 10 47 2 9 1 . Explosive 9 | . . . . . 4 3 2 . . Electromagnetic 3 | . . . . . 3 . . . . Robot Hit Streak 15 | . . 7 . 3 6 6 15 5 . Robot Miss Streak 6 | . 2 3 . 2 6 . 2 . . Penetration Max . | . . . . . . . . . . Secondary Targets 3 | . . . . 2 1 . . . . Max Gunslinging Chain 1 | . . . . 1 1 . . . . Shots Hit Robots 109 | . . 56 . 6 31 2 13 1 . Core Hits 60 | . . 29 . 3 13 6 8 1 . Critical Kills . | . . . . . . . . . . Critical Parts Destroyed . | . . . . . . . . . . Critical Strikes 16 | . . 8 . . 6 . 2 . . Burn 14 | . . 8 . . 6 . . . . Blast 2 | . . . . . . . 2 . . Melee Attacks . | . . . . . . . . . . Impact . | . . . . . . . . . . Slashing . | . . . . . . . . . . Piercing . | . . . . . . . . . . Sneak Attacks . | . . . . . . . . . . Combat Hostiles . | . . . . . . . . . . Follow-up Attacks . | . . . . . . . . . . Damage Inflicted 2524 | . . 1013 . 100 681 246 453 31 . Guns 1464 | . . 1007 . 100 357 . . . . Cannons 599 | . . . . . 200 56 312 31 . Explosions 455 | . . . . . 124 190 141 . . Melee . | . . . . . . . . . . Ramming 6 | . . 6 . . . . . . . Kinetic 168 | . . . . . . 31 137 . . Thermal 1849 | . . 1007 . 100 511 25 175 31 . Explosive 455 | . . . . . 124 190 141 . . Electromagnetic 46 | . . . . . 46 . . . . Impact . | . . . . . . . . . . Slashing . | . . . . . . . . . . Piercing . | . . . . . . . . . . Highest Corruption . | . . . . . . . . . . Average Corruption . | . . . . . . . . . . Corruption Purged . | . . . . . . . . . . Corruption Blocked . | . . . . . . . . . . Overload Shots . | . . . . . . . . . . Overflow Damage 27 | . . . . . 26 1 . . . Projectiles 12 | . . . . . 11 1 . . . Explosions 15 | . . . . . 15 . . . . Melee . | . . . . . . . . . . Knockbacks 3 | . . . . . . . 3 . . Impact . | . . . . . . . . . . Kinetic 3 | . . . . . . . 3 . . Secondary . | . . . . . . . . . . Self-Inflicted Damage . | . . . . . . . . . . Shots . | . . . . . . . . . . Rammed 1 | . . 1 . . . . . . . Targets Rammed 1 | . . 1 . . . . . . . Kicked . | . . . . . . . . . . Crushed . | . . . . . . . . . . Highest Temperature 453 | . 39 453 . 345 84 . 93 3 . Average Temperature 115 | . 24 131 . 179 23 . 50 2 . Received Heat Transfer 453 | . . 264 . . 117 . 72 . . Effects 6 | . . 6 . . . . . . . Shutdowns 1 | . . 1 . . . . . . . Energy Bleed 3 | . . 3 . . . . . . . Short Circuit 1 | . . 1 . . . . . . . Damage (minor) 1 | . . 1 . . . . . . . Siege Activations . | . . . . . . . . . . Robots Corrupted . | . . . . . . . . . . Combat Hostiles . | . . . . . . . . . . Parts Fried . | . . . . . . . . . . Impact Corruptions . | . . . . . . . . . . Robots Melted . | . . . . . . . . . . Combat Hostiles . | . . . . . . . . . . Parts Melted 13 | . . 9 . 2 2 . . . . Heat Transferred 4773 | . . 2701 . 222 1517 37 259 37 . Parts Sabotaged . | . . . . . . . . . . Parts Stolen . | . . . . . . . . . . Parts Stripped . | . . . . . . . . . . Power Chain Reactions . | . . . . . . . . . . Alert | -11 -10 -10 -10 -9 -8 -7 -7 -7 -7 ------- Run | Yrd Mat Min Exi Min Mat Fac Low Low Zio Peak Influence 210 | . 15 210 . 70 171 124 . . . Initial 43 | . . 5 . . 27 43 . . . Average 41 | . 1 30 . 68 43 93 . . . Maximum Alert Level 1 | . . 1 . . . . . . . Low Security (%) 99 | 100 100 99 . 100 100 100 . . . Level 1 . | . . . . . . . . . . Level 2 . | . . . . . . . . . . Level 3 . | . . . . . . . . . . Level 4 . | . . . . . . . . . . Level 5 . | . . . . . . . . . . High Security . | . . . . . . . . . . Max Security . | . . . . . . . . . . Squads Dispatched 4 | . 1 . . . 2 1 . . . Investigation . | . . . . . . . . . . Extermination . | . . . . . . . . . . Reinforcement 4 | . 1 . . . 2 1 . . . Assault . | . . . . . . . . . . Garrison . | . . . . . . . . . . Intercept . | . . . . . . . . . . Searches Triggered . | . . . . . . . . . . Construction Impeded . | . . . . . . . . . . Haulers Reinforced . | . . . . . . . . . . Active Scanning Responses . | . . . . . . . . . . Cargo Convoy Interrupts . | . . . . . . . . . . Stealth | -11 -10 -10 -10 -9 -8 -7 -7 -7 -7 --------- Run | Yrd Mat Min Exi Min Mat Fac Low Low Zio Distress Signals 6 | . 2 1 . . 3 . . . . Communications Jammed . | . . . . . . . . . . Distress Signals . | . . . . . . . . . . Times Spotted 59 | . 4 17 . 3 28 2 4 1 . Peak Tracking Total 7 | . 5 3 . 3 7 3 4 1 . Tactical Retreats 10 | . 1 . . . 9 . . . . Traps | -11 -10 -10 -10 -9 -8 -7 -7 -7 -7 ------- Run | Yrd Mat Min Exi Min Mat Fac Low Low Zio Traps Triggered 2 | . . . . . 2 . . . . Indirectly . | . . . . . . . . . . Trap Hack Attempts . | . . . . . . . . . . Triggered . | . . . . . . . . . . Disarmed . | . . . . . . . . . . Reprogrammed . | . . . . . . . . . . Reused . | . . . . . . . . . . Traps Extracted . | . . . . . . . . . . Installed . | . . . . . . . . . . Triggered 2 | . . . . . . . . 2 . Machines | -11 -10 -10 -10 -9 -8 -7 -7 -7 -7 ---------- Run | Yrd Mat Min Exi Min Mat Fac Low Low Zio Machines Disabled 3 | . . 2 . . 1 . . . . Max in Single Turn 1 | . . 1 . . 1 . . . . Garrison Access 1 | . . . . . 1 . . . . Machines Repaired . | . . . . . . . . . . Machines Dismantled . | . . . . . . . . . . Machines Sabotaged . | . . . . . . . . . . Overloaded Fab Kills . | . . . . . . . . . . Hacking | -11 -10 -10 -10 -9 -8 -7 -7 -7 -7 --------- Run | Yrd Mat Min Exi Min Mat Fac Low Low Zio Machines Accessed 15 | . . . 5 . 8 1 . 1 . Terminals 5 | . . . . . 5 . . . . Fabricators 1 | . . . . . . 1 . . . Repair Stations 1 | . . . . . 1 . . . . Recycling Units . | . . . . . . . . . . Scanalyzers 1 | . . . . . 1 . . . . Garrison Access 1 | . . . . . 1 . . . . Total Hacks 76 | . . . 50 . 21 4 . 1 . Successful 59 | . . . 50 . 7 1 . 1 . Failed 17 | . . . . . 14 3 . . . Catastrophic 2 | . . . . . 2 . . . . Database Lockouts . | . . . . . . . . . . Manual 1 | . . . 1 . . . . . . Terminals 12 | . . . . . 12 . . . . Fabricators 4 | . . . . . . 4 . . . Repair Stations 3 | . . . . . 3 . . . . Recycling Units . | . . . . . . . . . . Scanalyzers 4 | . . . . . 4 . . . . Garrison Access 2 | . . . . . 2 . . . . Terminal Hacks 54 | . . . 50 . 3 . . 1 . Record 49 | . . . 49 . . . . . . Prototype ID Bank 1 | . . . . . 1 . . . . Open Door 1 | . . . . . . . . 1 . Alert Level 1 | . . . . . 1 . . . . Zone Layout 1 | . . . . . 1 . . . . Derelict Proto ID Bank 1 | . . . 1 . . . . . . Fabricator Hacks 1 | . . . . . . 1 . . . Network Status 1 | . . . . . . 1 . . . Repair Station Hacks 2 | . . . . . 2 . . . . Scan Component 1 | . . . . . 1 . . . . Repair 1 | . . . . . 1 . . . . Recycling Unit Hacks . | . . . . . . . . . . Scanalyzer 1 | . . . . . 1 . . . . Insert Component 1 | . . . . . 1 . . . . Garrison Access Hacks 1 | . . . . . 1 . . . . Seal Access 1 | . . . . . 1 . . . . Unauthorized Hacks . | . . . . . . . . . . Terminals . | . . . . . . . . . . Fabricators . | . . . . . . . . . . Repair Stations . | . . . . . . . . . . Recycling Units . | . . . . . . . . . . Scanalyzers . | . . . . . . . . . . Garrison Access . | . . . . . . . . . . Data Cores Recovered . | . . . . . . . . . . Used . | . . . . . . . . . . Hacking Detections 7 | . . . . . 6 1 . . . Full Trace Events 1 | . . . . . 1 . . . . Feedback Events . | . . . . . . . . . . Feedback Blocked . | . . . . . . . . . . Robot Schematics Acquired 3 | . . . . . . . . . 3 Robots Built . | . . . . . . . . . . Authchips . | . . . . . . . . . . Time . | . . . . . . . . . . Total Robot Build Rating . | . . . . . . . . . . Part Schematics Acquired 14 | . . . . . . . . . 14 Parts Built . | . . . . . . . . . . Authchips . | . . . . . . . . . . Time . | . . . . . . . . . . Total Part Build Rating . | . . . . . . . . . . Parts Repaired 1 | . . . . . 1 . . . . Time 44 | . . . . . 44 . . . . Parts Recycled . | . . . . . . . . . . Recycled Matter . | . . . . . . . . . . Retrieved Matter . | . . . . . . . . . . Retrieved Components . | . . . . . . . . . . Parts Scanalyzed 1 | . . . . . 1 . . . . Part Schematics Acquired . | . . . . . . . . . . Parts Damaged . | . . . . . . . . . . Bothacking | -11 -10 -10 -10 -9 -8 -7 -7 -7 -7 ------------ Run | Yrd Mat Min Exi Min Mat Fac Low Low Zio Used RIF Installer . | . . . . . . . . . . Robots Hacked . | . . . . . . . . . . Non-combat . | . . . . . . . . . . Combat . | . . . . . . . . . . Robot Hacks Applied . | . . . . . . . . . . Relay Couplers Released . | . . . . . . . . . . Fabnet Peak Effective % . | . . . . . . . . . . Robots Rewired . | . . . . . . . . . . Allies Hacked . | . . . . . . . . . . Hacks Repelled . | . . . . . . . . . . Allies | -11 -10 -10 -10 -9 -8 -7 -7 -7 -7 -------- Run | Yrd Mat Min Exi Min Mat Fac Low Low Zio Total Allies 2 | . . 2 . . . . . . . Largest Group 2 | . . 2 . . . . . . . Highest-Rated Group 49 | . . 49 . . . . . . . Highest-Rated Ally 31 | . . 31 . . . . . . . Total Orders . | . . . . . . . . . . Ally Attacks 3 | . . 3 . . . . . . . Total Damage 41 | . . 41 . . . . . . . Kills . | . . . . . . . . . . Allies Corrupted . | . . . . . . . . . . Allies Melted . | . . . . . . . . . . Intel | -11 -10 -10 -10 -9 -8 -7 -7 -7 -7 ------- Run | Yrd Mat Min Exi Min Mat Fac Low Low Zio Robot Analysis Total . | . . . . . . . . . . Derelict Logs Recovered 6 | . . 2 . 1 . . 1 1 1 Drone Launches . | . . . . . . . . . . Drone Recoveries . | . . . . . . . . . . Exploration | -11 -10 -10 -10 -9 -8 -7 -7 -7 -7 ------------- Run | Yrd Mat Min Exi Min Mat Fac Low Low Zio Turns Passed 7677 | 54 119 2153 794 220 1103 460 1301 529 944 Spaces Moved 4169 | 46 97 1136 496 122 385 270 725 321 571 Core 18 | 18 . . . . . . . . . Treads 3950 | . . 1060 496 122 385 270 725 321 571 Legs . | . . . . . . . . . . Wheels 201 | 28 97 76 . . . . . . . Hover . | . . . . . . . . . . Flight . | . . . . . . . . . . Fastest Speed 50 | 50 100 100 160 160 160 160 162 162 162 Average Speed 157 | 80 100 156 160 160 160 161 162 162 162 Slowest Speed 163 | 100 100 160 160 160 160 162 163 162 162 Overloaded Moves . | . . . . . . . . . . Propulsion Burnouts . | . . . . . . . . . . Robots Hopped . | . . . . . . . . . . Cave-ins Triggered . | . . . . . . . . . . Exploration Rate (%) 48 | 3 24 100 91 25 35 4 80 52 73 Regions Visited 9 Branch Regions 6 Pre-discovered Areas 5 | . . 1 1 . . . 1 . 2 Known Exits Taken 5 | . . . . 1 1 1 1 1 . Unknown Exits Taken 4 | 1 1 1 1 . . . . . . Scrap Searched 15 | . . 1 . 1 . . 6 3 4 Spaces Dug 25 | . . 13 . . 12 . . . . Terrain Destroyed 89 | . . 15 . . 43 12 18 1 . Melee . | . . . . . . . . . . Projectile 24 | . . 15 . . 4 . 4 1 . AOE 65 | . . . . . 39 12 14 . . Terrain Rammed . | . . . . . . . . . . Walls Destroyed . | . . . . . . . . . . Machines Disabled . | . . . . . . . . . . Actions | -11 -10 -10 -10 -9 -8 -7 -7 -7 -7 --------- Run | Yrd Mat Min Exi Min Mat Fac Low Low Zio Total 5018 | 63 117 1346 497 137 816 287 835 330 590 Wait 571 | . 15 88 . 8 365 . 85 2 8 Move 4160 | 45 96 1135 495 121 384 269 724 320 571 Hop . | . . . . . . . . . . Pick Up 62 | 12 2 16 1 1 12 5 5 4 4 Fast Attach 4 | . . . . . 3 . 1 . . Attach 25 | 6 2 5 . . 9 3 . . . Detach 1 | . . 1 . . . . . . . Swap 27 | . . 10 . 1 6 3 4 . 3 Drop 30 | . 1 6 1 1 4 3 7 3 4 Fire 137 | . 1 84 . 5 33 4 9 1 . Melee . | . . . . . . . . . . Ram . | . . . . . . . . . . Kick . | . . . . . . . . . . Crush 1 | . . 1 . . . . . . . Escape Stasis . | . . . . . . . . . . Rewire . | . . . . . . . . . . Trap . | . . . . . . . . . . Miscellaneous . | . . . . . . . . . . Route ------- -11/Scrapyard -10/Materials -10/Mines (discovered 4 exits: [*Mat x2] / *Exi / [*Sub]) -10/Exiles -9/Mines -8/Materials (discovered 2 exits: *Fac x2) -7/Factory -7/Lower Caves -7/Lower Caves -7/Zion (discovered 1 exit: *Pro) History --------- Turn | Location | Event 14 | -11/Scrapyard | Discovered new exit (range 15) 55 | -11/Scrapyard | Entered Materials 159 | -10/Materials | Discovered new exit (range 15) 174 | -10/Materials | Entered Mines 338 | -10/Mines | Build established: Mutant 553 | -10/Mines | Discovered new exit (range 9) 603 | -10/Mines | Learned location of 1 exit from Materials 840 | -10/Mines | Excavation squad dispatched 840 | -10/Mines | A large section of the Mines collapsed 1083 | -10/Mines | Deemed a non-threat by the Exiles lab entrance 1083 | -10/Mines | Discovered new exit (range 5) 1123 | -10/Mines | Build established: Scavenger-Mutant 1331 | -10/Mines | Discovered new exit (range 11) 1600 | -10/Mines | Learned location of Zion (-7) 1606 | -10/Mines | Found a damaged Exp. Sensor Array with a note attached 1609 | -10/Mines | Found Prototype Device 1639 | -10/Mines | Discovered new exit (range 7) 2327 | -10/Mines | Entered Exiles 2366 | -10/Exiles | Met 8R-AWN 2401 | -10/Exiles | Met EX-HEX 2451 | -10/Exiles | Met EX-BIN 2470 | -10/Exiles | Aligned with FarCom system 2471 | -10/Exiles | Given EX-Vault access code 2510 | -10/Exiles | Opened EX-Vault 2520 | -10/Exiles | Found Superbattery 2571 | -10/Exiles | Warned to stay clear of 0b10 Research branches 2700 | -10/Exiles | Met EX-DEC 2836 | -10/Exiles | Visited The Gauntlet 3102 | -10/Exiles | Discovered new exit (range 14) 3121 | -10/Exiles | Left Exiles lab with Superbattery 3121 | -10/Exiles | Entered Mines 3299 | -9/Mines | Identified exit to Materials 3322 | -9/Mines | Received a Rocket Launcher from a helpful Derelict 3341 | -9/Mines | Entered Materials 3341 | -8/Materials | Evolved 4 slots: Propulsion x2, Utility x2 3342 | -8/Materials | Identified exit to Factory 3354 | -8/Materials | Identified Exp. Sensor Array 3644 | -8/Materials | Build established: Scavenger-Skirmisher 4225 | -8/Materials | Repaired Med. Treads 4425 | -8/Materials | Discovered exit to Factory (range 13) 4444 | -8/Materials | Entered Factory 4444 | -7/Factory | Evolved 2 slots: Utility x2 4620 | -7/Factory | Discovered new exit (range 2) 4754 | -7/Factory | Build established: Infiltrator-Mutant 4865 | -7/Factory | Identified exit to Lower Caves 4904 | -7/Factory | Entered Lower Caves 5165 | -7/Lower Caves | Build established: Scavenger-Mutant 5212 | -7/Lower Caves | Encountered a Warlord checkpoint 5663 | -7/Lower Caves | Build established: Mutant 5925 | -7/Lower Caves | Discovered new exit (range 2) 5926 | -7/Lower Caves | Identified exit to Lower Caves 6205 | -7/Lower Caves | Entered another Lower Caves area 6710 | -7/Lower Caves | Discovered new exit (range 16) 6733 | -7/Lower Caves | Identified exit to Zion 6734 | -7/Lower Caves | Entered Zion 6806 | -7/Zion | Discovered new exit (range 15) 6832 | -7/Zion | Identified exit to Proximity Caves 6909 | -7/Zion | Acquired unknown access codes intercepted by a Zionite 6953 | -7/Zion | Given the Hacking Drone Bay 6954 | -7/Zion | Found Prototype Device 6955 | -7/Zion | Identified Hacking Drone Bay 7063 | -7/Zion | Given A8's code to call for help 7079 | -7/Zion | Visited the Megawrench Repair Shop 7079 | -7/Zion | Megawrench repaired 10 parts 7487 | -7/Zion | Learned location of Quarantine (-2) 7602 | -7/Zion | Learned Factory terminal intel 7671 | -7/Zion | Found Prototype Special Weapon 7672 | -7/Zion | Identified RU-N14's Throwing Claymores 7678 | -7/Zion | Self-destructed Last Messages --------------- 07610_ Found Core Analyzer. 07610_ Found 68 Matter. 07612_ Searching scrap... 07612_ Found Hcp. Battery. 07612_ Found Hardlight Generator. 07612_ Found Mak. Hammer. 07612_ Found 35 Matter. RU-N14: So I had this idea. Swords are powerful, right? Well, why wait until we close the gap with an enemy to attack? Just throw one at them! And then I had an even better idea. Why not make the swords EXPLODE on contact, too? I just pumped out another batch here, let's spread the love all the way to 0b10! Once I've perfected the design I need to send a batch up to Warlord. 07670_ Dropped Adv. Targeting Computer. 07671_ Acquired Prototype Special Weapon. 07672_ Identified RU-N14's Throwing Claymores. Map ----- +----------------------------------------------------+ | """" " | | " | | """""#""#" """ """"#" "" | | """""""?""? "" """"""" "" | | """###""???"""" """"""#"""""" " "" | | """##??##????""" ""#"""######""" " "" | | """##??????????#" "#####?????#""" "" """ | | """#???????????#"" ????????????##"" "" """" " | | """##???????????"""????????????###" "" """ " | | ""#??????????????????????????#""" " """" " | | ""###???????????????????????##"#" """""" | | """"##?????????????????????##"" " """"""" | | """#????????????????????#"" "" """" | | ""#????????????????????##""z """"" | | "" "##???????????????######## """## | | """ ""#????????????????#""""#" """# | | """""""#????????????????## " " "" """"" | | """"#???????????????????#""m """ """" """"" | | """#"???????????????????#" " z"""" | | """#????????????????????##" " ""#"" | | """#????????????????????#""""#" """#"" """"" | | ""##????????????????????#####"" """""" """"# | | """#????????????????????????###" """""" "##"# | | ""##????????????????###"""#???#"" " "#### | | "##???????????????##"" ||#???###" z "#??? | | ""##??????????????#""c! @#???#""" """""""#?? | | """#??????????????#"" """#???##"" "#"""#?? | | ""#??????????????##" ###???#""" """"##?? | | ""##??????????????#### #???#"" [ """""#?? | | """#?????????????## #??##"" /%[ ""z """#"" | | """##????????????#"""" ####"" !%! """""" | | """#???????#???"""""""# #""" " !! | | !"""##????###""##"" "#" """" """""" | | """"####"##"#"#""" """" " """""" | | """""""""##""""""" """ " """"" | | " """""""""" "" "" "" | | """" "" | | """""" "" | | """#""" """ | | "" ""z """"" """ | | """"%"""" """ | | """""""" """ | | " "" ""#""" """"""""""" | | " """ "" """" """""""""""" | | "" """"""""" """" | | """" """#""""" " | | """" """#"" """"" "" """" | | "" """#""" ""#"" """ """" | | """ ""##"""" "#"" ! ! """" | | """" """"#""" """"" =% """ | +----------------------------------------------------+ Best States ------------- Heat Dissipation 48 Energy Generation 19 Energy Capacity 315 Matter Stores 300 Matter Capacity 300 Sight Range 16 Robot Scan Range 20 Terrain Scan Range 16 Terrain Scan Density 10 ECM Strength 1 Armor Coverage 150 Propulsion Shielding 66 Evasion (%) 50 Recoil Reduction 4 Defensive Hacking 10 Item Schematics ----------------- Hvy. Phase Cannon | -7/Zion | Archive Imp. Titanium Leg | -7/Zion | Archive Phase Shifter | -7/Zion | Archive Power Maul | -7/Zion | Archive Imp. Medium Treads | -7/Zion | Archive Imp. Deuterium Engine | -7/Zion | Archive Imp. Particle Charger | -7/Zion | Archive Gravmag System | -7/Zion | Archive Lgt. Angular Momentum Engine | -7/Zion | Archive Imp. Shield Generator | -7/Zion | Archive Field Propulsion Drive | -7/Zion | Archive Adv. Terrain Scanner | -7/Zion | Archive Energy Filter | -7/Zion | Archive Cloaking Device | -7/Zion | Archive Robot Schematics ------------------ K-01 Serf | -7/Zion | Archive T-07 Excavator | -7/Zion | Archive M-14 Sweeper | -7/Zion | Archive Fabricated ------------ Nothing Alien Tech Used ----------------- None Achievements -------------- None Challenges ------------ None Game ------ Seed MiniMiningStick Manual? 0 Play Time 01:25:12 Cumulative 30.3 hours Start 2024.08.07 @ 16:17:46 End 2024.08.22 @ 19:23:48 Sessions 3 Manual Loads 0 Difficulty Rogue Special Mode None Game No. 21 Rogue 20 Adventurer 1 Explorer 0 Win Type - Total 0 Types 0/0/0/0/0/0/0/0/0 Lore% 16 Gallery% 34 Achievement% 28 Wizard Run 0 Options --------- Layout 1 ASCII 0 Keyboard 0 Movement Numpad Keybinds 0 Fullscreen 2 Font 24/Proggy Map View 50x35 Zoom Use 0% Tactical HUD 1 Map Filters NONE Filters NONE Steam 1 RUN: 2418ab70-2744-42ac-ac6c-4b84b709cc4d